 Dungeon Crawl Stone Soup version 0.31-a0-339-gda1cbd555d (webtiles) character file.

Game seed: 6572051321470142903

18 BritishOli the Trooper (level 2, 0/24 HPs)
             Began as a Demonspawn Fighter on July 20, 2023.
             Slain by a kobold
             ... wielding a +0 whip of venom
              (3 damage)
             ... on level 1 of the Dungeon.
             The game lasted 00:00:31 (556 turns).

BritishOli the Trooper (Demonspawn Fighter)          Turns: 556, Time: 00:00:33

Health: 0/24       AC:  7    Str: 16    XL:     2   Next: 51%
Magic:  2/2        EV:  8    Int:  9    God:
Gold:   26         SH:  4    Dex: 12    Spells: 1/1 levels left

rFire   . . .        a - +0 long sword
rCold   . . .        c - +0 buckler
rNeg    . . .        b - +0 scale mail
rPois   .            (helmet restricted)
rElec   .            f - +0 cloak
rCorr   .            (no gloves)
SInv    .            (no boots)
Will    .....        (no amulet) Stlth
                     (no ring)
HPRegen 0.24/turn    (no ring)
MPRegen 0.08/turn

%: no passive effects
@: lethally poisoned (0 -> -13)
A: horns 1
a: no special abilities


You were on level 1 of the Dungeon.
You visited 1 branch of the dungeon, and saw 1 of its levels.

You collected 26 gold pieces.

Inventory:

Hand Weapons
 a - a +0 long sword (weapon)
Armour
 b - a +0 scale mail (worn)
 c - a +0 buckler (worn)
 f - a +0 cloak (worn)
Scrolls
 e - a scroll of teleportation {unknown}
 h - a scroll of enchant weapon {unknown}
Potions
 d - a potion of might
 g - 2 potions of curing {unknown}


   Skills:
 + Level 3.2 Fighting
 + Level 2.1 Long Blades
 + Level 2.9 Armour
 + Level 3.0 Shields


You had one spell level left.
You didn't know any spells.
Your spell library was empty.

Dungeon Overview and Level Annotations

Branches:
Dungeon (1/15)

Altars:

Shops:
D:1 (


Innate Abilities, Weirdness & Mutations

You have a pair of small horns on your head.


Message History

The jackal is moderately wounded.
The jackal bites you but does no damage.
The jackal closely misses you.
You hit the jackal but do no damage. Your headbutt misses the jackal.
The jackal is moderately wounded.
You block the jackal's attack. x2
There are monsters nearby!
You hit the jackal.
The jackal is severely wounded.
The jackal barely misses you.
The jackal bites you but does no damage.
There are monsters nearby!
You hit the jackal but do no damage. Your headbutt misses the jackal.
The jackal is severely wounded.
The jackal bites you but does no damage. x2
There are monsters nearby!
You slash the jackal!
You kill the jackal!
Your Shields skill increases to level 3!
A kobold is nearby!
You hit the kobold.
The kobold is moderately wounded.
The kobold hits you but does no damage.
You are poisoned.
The kobold barely misses you.
You barely miss the kobold.
You feel very sick.
The kobold hits you with a +0 whip of venom.
You are lethally poisoned!
You hit the kobold but do no damage.
You feel very sick. The kobold hits you but does no damage.
You are more poisoned.
You hit the kobold. Your headbutt misses the kobold.
The kobold is severely wounded.
You feel very sick.
The kobold hits you with a +0 whip of venom.
* * * LOW HITPOINT WARNING * * *
The kobold hits you with a +0 whip of venom.
You die...

## .. #### .#
#...
######..#
##.~~
###...@K..#
..~.
#.....##..#
##.~. #.###.#
.# #..~. #.
#.# # #.†~†
#.###.# #...P
#.....# #..~)
###.### #..~⌠
#.#
#########....
#.###
#.........###


You could see a kobold.

Vanquished Creatures
  A ball python (D:1)
  A goblin (D:1)
  3 hobgoblins (D:1)
  6 jackals (D:1)
  A frilled lizard (D:1)
  2 kobolds (D:1)
  2 rats (D:1)
16 creatures vanquished.

Notes
Turn   | Place    | Note
-------+----------+-------------------------------------------
     0 | D:1      | BritishOli the Demonspawn Fighter began the quest for the
                  | Orb.
     0 | D:1      | Reached XP level 1. HP: 18/18 MP: 1/1
   205 | D:1      | Found Kolo Fyt's Antique Weapon Shop.
   418 | D:1      | Discovered your monstrous ancestry.
   418 | D:1      | Gained mutation: You have a pair of small horns on your
                  | head. [demonic ancestry]
   418 | D:1      | Reached XP level 2. HP: 22/24 MP: 2/2
   556 | D:1      | Slain by a kobold

Illustrated notes

Levels and vault maps discovered:
D:1:      dpeg_arrival_ternary, layout_loops_cross,
          shapermc_ecumenical_altar_acropolis, serial_shops, shop

Skill      XL: |  1  2 |
---------------+-------+-----
Long Blades    | 2 |  2.1
Shields        | 3 |  3.0
Fighting       | |  3.2
Armour         | |  2.9

Action                     || total
---------------------------++-------
  Melee: Long sword        ||    50
         Headbutt          ||     3
 Armour: Scale mail        ||    34
  Dodge: Dodged            ||    31
  Block: Buckler           ||    13

Table legend: (Time is in decaauts)
 A = Elapsed time spent in this place.
 B = Non-inter-level travel time spent in this place.
 C = Inter-level travel time spent in this place.
 D = Time resting spent in this place.
 E = Time spent auto-exploring this place.
 F = Levels seen in this place.
 G = Mean time per level.
                   A        B        C        D        E       F      G
               +--------+--------+--------+--------+--------+-----+--------+
         Total |    572 |    567 |      5 |      0 |    455 |   1 |  572.0 |
       Dungeon |    572 |    567 |      5 |      0 |    455 |   1 |  572.0 |
               +--------+--------+--------+--------+--------+-----+--------+

Top non-repeatable levels by time:
     D:1: 572 daAuts
